 Dungeon Crawl Stone Soup version 0.13.1-23-gc5ac171 (webtiles) character file.

1488 Nicoed the Slasher (level 8, 0/69 HPs)
             Began as a Minotaur Berserker on Jan 10, 2014.
             Was an Initiate of Yredelemnul.
             Slain by an iguana (11 damage)
             ... on Level 6 of the Dungeon.
             The game lasted 00:15:53 (4693 turns).

Nicoed the Slasher (Minotaur Berserker)             Turns: 4693, Time: 00:15:53

HP   0/69        AC 10     Str 24      XL: 8   Next: 27%
MP   2/2         EV  9     Int  4      God: Yredelemnul [......]
Gold 224         SH  7     Dex 11      Spells:  0 memorised,  7 levels left

Res.Fire  : . . .   See Invis. : .   a - +0,-1 falchion
Res.Cold  : . . .   Warding    : .   A - +2 dwarf scale mail
Life Prot.: . . .   Conserve   : .   B - +1 buckler
Res.Poison: .       Res.Corr.  : .   (helmet restricted)
Res.Elec. : .       Clarity    : .   (no cloak)
Sust.Abil.: . .     Spirit.Shd : .   (no gloves)
Res.Mut.  : .       Stasis     : .   (no boots)
Res.Rott. : .       Flight     : .   (no amulet)
Saprovore : . . .                    x - +1 ring of evasion
                                     y - +1 ring of strength

@: slightly resistant to hostile enchantments, extremely unstealthy
A: retaliatory headbutt, horns 2
a: Renounce Religion


You were on level 6 of the Dungeon.
You worshipped Yredelemnul.
Yredelemnul was noncommittal.
You were very full.

You visited 2 branches of the dungeon, and saw 7 of its levels.

You collected 204 gold pieces.

Inventory:

Hand weapons
 a - a +0,-1 falchion (weapon)
Armour
 A - a +2 dwarven scale mail (worn)
 B - a +1 buckler (worn)
 E - a +0 chain mail of poison resistance
Magical devices
 q - a wand of slowing (3)
 t - a wand of magic darts (5)
 G - a wand of digging (16) {unknown}
Comestibles
 k - 2 meat rations
Scrolls
 c - a scroll of random uselessness {unknown}
 d - 3 scrolls of noise {unknown}
 f - 3 scrolls of enchant weapon II {unknown}
 i - 2 scrolls of blinking {unknown}
 j - 5 scrolls of identify {unknown}
 l - 4 scrolls of magic mapping {unknown}
 m - 7 scrolls of remove curse {unknown}
 o - 2 scrolls of enchant armour {unknown}
 r - a scroll of fog {unknown}
 s - 2 scrolls of recharging {unknown}
 z - a scroll of teleportation {unknown}
 C - a scroll of curse jewellery {unknown}
 D - a scroll of amnesia {unknown}
Jewellery
 u - an uncursed ring of see invisible
 w - an uncursed ring of positive energy {unknown}
 x - a +1 ring of evasion (right hand)
 y - a +1 ring of strength (left hand)
Potions
 b - a potion of restore abilities {unknown}
 g - 4 potions of curing {unknown}
 h - a potion of confusion {unknown}
 n - a potion of brilliance {unknown}
 p - 2 potions of poison {unknown}
 v - 3 potions of heal wounds {unknown}
 F - a potion of magic {unknown}
 H - a potion of agility {unknown}


   Skills:
 + Level 6.8 Fighting
 + Level 7.2 Long Blades
 + Level 6.2 Armour
 + Level 5.9 Dodging


You had 7 spell levels left.
You didn't know any spells.

Dungeon Overview and Level Annotations

Branches:
Dungeon (6/27)             Temple (1/1) D:4
    Orc: D:6-11

Altars:
Ashenzari
Cheibriados
Elyvilon
Fedhas
Kikubaaqudgha
Makhleb
Nemelex Xobeh
Okawaru
Sif Muna
Trog
Vehumet
Xom
Yredelemnul
Zin
the Shining One

Shops:
D:6 =


Innate Abilities, Weirdness & Mutations

You reflexively headbutt those who attack you in melee.
You have a pair of horns on your head.


Message History

The iguana bites you!
* * * LOW HITPOINT WARNING * * *
You block the goliath beetle's attack.
You are too injured to fight recklessly!
You are too injured to fight recklessly!
You are too injured to fight recklessly!
You are too injured to fight recklessly!
Unknown command.
You hit the goliath beetle.
Your headbutt misses the goliath beetle.
The goliath beetle is almost dead.
The iguana bites you!
* * * LOW HITPOINT WARNING * * *
Unknown command.
You barely miss the goliath beetle.
The goliath beetle is almost dead.
The iguana barely misses you. The goliath beetle closely misses you.
The iguana bites you!
You die...
Your body rises from the dead as a mindless zombie.

...#
8..##....#
...# #....#
...# #....#
...# #....#
.).# #....#
...# . #....#
...## ..8
##....# ....#
.....##.....#
.<..#
#....@...#
....+
#...l....#
.I..#
#####B####
##'## #.#
##.# #.. ...#
##' ##### ..
....# ..
....# ...


You could see a goliath beetle and an iguana.

Vanquished Creatures
  Grinder (D:3)
  Edmund (D:5)
  An ogre (D:4)
  The ghost of elenap21 the Covert, an average SpAs (D:3)
  2 centaurs
  Blork the orc (D:5)
  A crimson imp (D:5)
  An orc priest (D:4)
  2 jellies
  2 orc wizards (D:4)
  2 worker ants (D:4)
  Ijyb (D:3)
  A hound skeleton (D:5)
  3 gnolls (D:4)
  10 adders
  A worker ant zombie (D:4)
  A giant mite (D:4)
  An inept feature mimic (D:3)
  An adder zombie (D:5)
  A giant eyeball (D:5)
  3 giant geckos
  2 oozes
  7 orcs
  7 bats
  A bat skeleton (D:6)
  5 giant cockroaches
  13 goblins
  15 hobgoblins
  13 jackals
  4 quokkas
  3 giant newts
  8 kobolds
  9 rats
  3 butterflies (D:4)
128 creatures vanquished.

Notes
Turn   | Place    | Note
--------------------------------------------------------------
     0 | D:1      | Nicoed, the Minotaur Berserker, began the quest for the Orb.
     0 | D:1      | Reached XP level 1. HP: 19/19 MP: 0/0
   122 | D:1      | Reached XP level 2. HP: 21/26 MP: 0/0
   302 | D:1      | Reached skill level 4 in Long Blades
   570 | D:1      | Reached XP level 3. HP: 33/33 MP: 1/1
   743 | D:2      | Acquired Trog's second power
   777 | D:2      | Found a radiant altar of Vehumet.
   777 | D:2      | Found a burning altar of Makhleb.
   788 | D:2      | Found a blossoming altar of Fedhas.
  1261 | D:2      | Reached XP level 4. HP: 40/40 MP: 1/1
  1513 | D:3      | Noticed Grinder
  1525 | D:3      | Killed Grinder
  1525 | D:3      | Reached skill level 5 in Fighting
  1525 | D:3      | Reached skill level 5 in Long Blades
  1525 | D:3      | Reached XP level 5. HP: 30/47 MP: 1/1
  1525 | D:3      | Reached XP level 6. HP: 33/53 MP: 2/2
  1605 | D:3      | Noticed Ijyb
  1621 | D:3      | Killed Ijyb
  1778 | D:3      | Noticed elenap21's ghost (average SpAs)
  1791 | D:3      | Killed elenap21's ghost
  2217 | D:4      | Reached skill level 5 in Armour
  2366 | D:4      | Reached XP level 7. HP: 60/60 MP: 2/2
  2746 | D:4      | Reached skill level 6 in Long Blades
  2880 | D:4      | Reached skill level 5 in Dodging
  3218 | D:4      | Found a staircase to the Ecumenical Temple.
  3356 | Temple   | Entered the Ecumenical Temple
  3451 | Temple   | Fell from the grace of Trog
  3451 | Temple   | Became a worshipper of Yredelemnul the Dark
  3486 | D:5      | Entered Level 5 of the Dungeon
  3721 | D:5      | Noticed Blork the orc
  3737 | D:5      | Killed Blork the orc
  3945 | D:5      | Noticed Edmund
  3948 | D:5      | Paralysed by a giant eyeball for 3 turns
  3955 | D:5      | Paralysed by a giant eyeball for 4 turns
  3965 | D:5      | Paralysed by a giant eyeball for 2 turns
  3970 | D:5      | Killed Edmund
  3970 | D:5      | Reached XP level 8. HP: 47/69 MP: 2/2
  3990 | D:5      | Reached skill level 7 in Long Blades
  4250 | D:6      | Found Ashiul's Jewellery Shop.
  4693 | D:6      | Slain by an iguana

Action                   |  1- 3 |  4- 6 |  7- 9 || total
-------------------------+-------+-------+-------++-------
Melee: Falchion          |    74 |   133 |   221 ||   428
Invok: Berserk           |       |     1 |       ||     1
Evoke: Wand              |       |       |     2 ||     2
